 Dungeon Crawl Stone Soup version 0.30-a0-778-g2ef04afb54 (webtiles) character file.

Game seed: 13022369898122336548

23 KristoblXynda the Conjurer (level 2, -1/20 HPs)
             Began as a Draconian Conjurer on Feb 15, 2023.
             Slain by a hobgoblin
             ... wielding a +0 long sword of protection
              (7 damage)
             ... on level 2 of the Dungeon.
             The game lasted 00:02:39 (1246 turns).

KristoblXynda the Conjurer (Draconian Conjurer)     Turns: 1246, Time: 00:02:39

Health: -1/20      AC:  4    Str:  9    XL:     2   Next: 75%
Magic:  0/5        EV: 12    Int: 18    God:
Gold:   66         SH:  0    Dex:  9    Spells: 4/5 levels left

rFire   . . .      SeeInvis .    c - +0 short sword
rCold   . . .      Faith    .    (no shield)
rNeg    . . .      Spirit   .    (body armour unavailable)
rPois   .          Reflect  .    (helmet restricted)
rElec   .          Harm     .    (no cloak)
rCorr   .          Rampage  .    (no gloves)
Will    .....                    (no boots)
Stlth   ++                       (no amulet)
HPRegen 0.23/turn                (no ring)
MPRegen 0.09/turn                (no ring)

@: no status effects
A: AC +4, unfitting armour, cold-blooded
a: no special abilities


You were on level 2 of the Dungeon.
You visited 1 branch of the dungeon, and saw 2 of its levels.

You collected 66 gold pieces.

Inventory:

Hand Weapons
 c - a +0 short sword (weapon)
Scrolls
 b - a scroll of identify {unknown}
 d - a scroll of fog {unknown}
Potions
 a - a potion of magic


   Skills:
 + Level 2.1 Dodging
 - Level 1.7 Stealth
 + Level 2.3 Spellcasting
 + Level 4.4 Conjurations


You had 4 spell levels left.
You knew the following spells:

 Your Spells              Type           Power      Damage    Failure   Level
a - Magic Dart            Conj           72%        1d6       2%          1

Your spell library contained the following spells:

 Spells                   Type           Power      Damage    Failure   Level
 Searing Ray              Conj           36%        2d5       4%          2
 Apportation              Tloc           4%         N/A       19%         1
 Necrotise                Necr           8%         1d4       19%         1
 Summon Small Mammal      Summ           8%         N/A       19%         1
 Dazzling Flash           Conj/Hex       20%        N/A       22%         3
 Fulminant Prism          Conj/Hex       5%         3d7       56%         4
 Iskenderun's Mystic Bla  Conj/Tloc      10%        2d4       56%         4


Dungeon Overview and Level Annotations

Branches:
Dungeon (2/15)

Altars:


Innate Abilities, Weirdness & Mutations

Your plain brown scales are hard. (AC +4)
You cannot fit into any form of body armour.
You are cold-blooded and may be slowed by cold attacks.


Message History

Aim: a hobgoblin, wielding a +0 long sword of protection and wearing the amulet of Xom's Flight of Fancy {Acrobat Rampage *Corrode Will+ Regen+} (fast, 100% to hit)
The magic dart hits the hobgoblin.
The hobgoblin is heavily wounded.
Unknown command.
Casting: Magic Dart (safe; 2% risk of failure)
Confirm with . or Enter, or press ? or * to list all spells.
Aiming: Magic Dart (safe; 2% risk of failure)
Press: ? - help, Shift-Dir - straight line, f/p - hobgoblin
Aim: a hobgoblin, wielding a +0 long sword of protection and wearing the amulet of Xom's Flight of Fancy {Acrobat Rampage *Corrode Will+ Regen+} (heavily wounded, fast, 100% to hit)
The magic dart hits the hobgoblin but does no damage.
The hobgoblin is heavily wounded.
The hobgoblin closely misses you.
Casting: Magic Dart (safe; 2% risk of failure)
Confirm with . or Enter, or press ? or * to list all spells.
Aiming: Magic Dart (safe; 2% risk of failure)
Press: ? - help, Shift-Dir - straight line, f/p - hobgoblin
Aim: a hobgoblin, wielding a +0 long sword of protection and wearing the amulet of Xom's Flight of Fancy {Acrobat Rampage *Corrode Will+ Regen+} (heavily wounded, fast, 100% to hit)
The magic dart hits the hobgoblin but does no damage.
The hobgoblin is heavily wounded.
The hobgoblin closely misses you.
The hobgoblin hits you with a +0 long sword of protection.
Casting: Magic Dart (safe; 2% risk of failure)
Confirm with . or Enter, or press ? or * to list all spells.
Aiming: Magic Dart (safe; 2% risk of failure)
Press: ? - help, Shift-Dir - straight line, f/p - hobgoblin
Aim: a hobgoblin, wielding a +0 long sword of protection and wearing the amulet of Xom's Flight of Fancy {Acrobat Rampage *Corrode Will+ Regen+} (heavily wounded, fast, 100% to hit)
The magic dart hits the hobgoblin.
The hobgoblin is severely wounded.
The hobgoblin hits you with a +0 long sword of protection!
Ouch! That really hurt!
* * * LOW HITPOINT WARNING * * *
You hit the hobgoblin but do no damage.
The hobgoblin is severely wounded.
The hobgoblin closely misses you. The hobgoblin misses you.
Okay, then.
The hobgoblin barely misses you. The hobgoblin attacks as you move away!
The hobgoblin closely misses you. The hobgoblin attacks as you move away!
The hobgoblin hits you with a +0 long sword of protection!
You die...

#.# ..... #.#♣..♣..
####.#......
#......)....
#........8..
#########.........).
#.......r...........
#.......g#####♣..8./
#........@......####
#..†.....########
#........#
#........#
#......).#
###.###### #.# #.#
#.#


You could see a hobgoblin (fast) and a rat.

Vanquished Creatures
  5 ball pythons (D:1)
  An endoplasm (D:1)
  A goblin (D:1)
  3 hobgoblins (D:1)
  3 jackals (D:1)
  2 quokkas (D:2)
  4 bats (D:1)
  A kobold (D:1)
  2 rats (D:1)
22 creatures vanquished.

Notes
Turn   | Place    | Note
-------+----------+-------------------------------------------
     0 | D:1      | KristoblXynda the Draconian Conjurer began the quest for
                  | the Orb.
     0 | D:1      | Reached XP level 1. HP: 14/14 MP: 3/3
   292 | D:1      | Reached XP level 2. HP: 20/20 MP: 0/5
  1234 | D:2      | Identified the amulet of Xom's Flight of Fancy {Acrobat
                  | Rampage *Corrode Will+ Regen+}
  1246 | D:2      | Slain by a hobgoblin

Illustrated notes

Levels and vault maps discovered:
D:1:      saegor_arrival_miasma, layout_basic, serial_glass, glass_columns_c,
          glass_columns_b, glass_columns_c, glass_columns_b, minmay_surrounded
D:2:      layout_basic, hellmonk_ecumenical_altar_arch_garden, basic_altar

Skill      XL: |  1  2 |
---------------+-------+-----
Dodging        | 2 |  2.1
Stealth        | |  1.7
Spellcasting   | |  2.3
Conjurations   | |  4.4

Action                     || total
---------------------------++-------
  Melee: Short sword       ||    52
         Tailslap          ||     2
         Unarmed           ||     1
   Cast: Magic Dart        ||    30
 Armour: Skin              ||    22
  Dodge: Dodged            ||    63

Table legend: (Time is in decaauts)
 A = Elapsed time spent in this place.
 B = Non-inter-level travel time spent in this place.
 C = Inter-level travel time spent in this place.
 D = Time resting spent in this place.
 E = Time spent auto-exploring this place.
 F = Levels seen in this place.
 G = Mean time per level.
                   A        B        C        D        E       F      G
               +--------+--------+--------+--------+--------+-----+--------+
         Total |   1245 |   1206 |     39 |     66 |    968 |   2 |  622.5 |
       Dungeon |   1245 |   1206 |     39 |     66 |    968 |   2 |  622.5 |
               +--------+--------+--------+--------+--------+-----+--------+

Top non-repeatable levels by time:
     D:1: 1056 daAuts
     D:2: 188 daAuts
